 Dungeon Crawl Stone Soup version 0.21.1-1-g345015fe64 (webtiles) character file.

8915 Jannitor the Grappler (level 11, -10/69 HPs)
             Began as a Tengu Chaos Knight on Apr 22, 2018.
             Mangled by a wight
             ... wielding a cursed +0 great sword of electrocution
              (14 damage)
             ... on level 10 of the Dungeon.
             The game lasted 00:27:55 (9450 turns).

Jannitor the Grappler (Tengu Chaos Knight)          Turns: 9450, Time: 00:27:56

Health: -10/69     AC: 12    Str: 16    XL:     11   Next: 38%
Magic:  17/17      EV: 18    Int: 15    God:    Xom [*.....]
Gold:   525        SH:  0    Dex: 15    Spells: 10/10 levels left

rFire    + . .     SeeInvis +     - Unarmed
rCold    . . .     Gourm    .   (no shield)
rNeg     . . .     Faith    .   k - +0 ring mail of True Grit {MR+ rCorr}
rPois    +         Spirit   .   (helmet restricted)
rElec    .         Reflect  .   m - +0 cloak
rCorr    +         Harm     .   g - +2 pair of gloves {archery}
MR       ++...                  (boots unavailable)
Stlth    ++........             l - amulet of rage
HPRegen  0.21/turn              H - ring of resist corrosion
MPRegen  0.15/turn              L - ring of wizardry

@: drained
A: beak, horns 1, talons 3, repulsion field 1, molten scales 1, thin skeletal
structure 1, camouflage 1, see invisible, clever 1, fire resistance 1, magic
resistance 1, poison resistance, able to fly 1
a: Fly, Renounce Religion, Evoke Berserk Rage


You were on level 10 of the Dungeon.
You worshipped Xom.
You were a special plaything of Xom.
You were not hungry.

You visited 1 branch of the dungeon, and saw 10 of its levels.
You also visited: Ossuary.

You collected 707 gold pieces.
You spent 182 gold pieces at shops.

Inventory:

Missiles
 p - 3 poisoned javelins
 Q - 13 exploding tomahawks (quivered)
Armour
 a - a +2 leather armour
 g - a +2 pair of gloves of archery (worn)
 k - the +0 ring mail of True Grit (worn) {MR+ rCorr}
   (You found it on level 7 of the Dungeon)

   It affects your resistance to hostile enchantments.
   It protects you from acid and corrosion.
 m - a +0 cloak (worn)
 v - a +1 leather armour of cold resistance
 y - a +2 robe of positive energy
Jewellery
 l - an amulet of rage (around neck)
 s - an uncursed amulet of harm
 x - an uncursed ring of fire
 D - an uncursed amulet of regeneration
 H - a ring of resist corrosion (left hand)
 L - a ring of wizardry (right hand)
 P - an uncursed ring of see invisible
Wands
 e - a wand of paralysis (26)
 i - a wand of flame (51)
 j - a wand of digging (12)
 B - a wand of disintegration (12)
 G - a wand of iceblast (13)
 M - a wand of random effects (26)
Scrolls
 c - 2 scrolls of teleportation
 d - 8 scrolls of identify
 h - 3 scrolls of remove curse
 n - 2 scrolls of fog
 q - 5 scrolls of immolation
 O - a scroll of enchant weapon {unknown}
Potions
 f - 2 potions of degeneration
 r - 3 potions of brilliance
 t - 3 potions of lignification
 u - 3 potions of haste
 w - a potion of agility
 z - 2 potions of curing
 A - 2 potions of magic
 C - 2 potions of cancellation
 E - a potion of resistance
 F - 2 potions of flight
 I - a potion of invisibility
 J - 5 potions of heal wounds
 K - a potion of mutation
Books
 o - a book of Callings

   Spells                             Type                      Level
   a - Summon Small Mammal            Summoning                    1
   b - Call Imp                       Summoning                    2
   c - Call Canine Familiar           Summoning                    3
   d - Summon Guardian Golem          Hexes/Summoning              3
   e - Summon Lightning Spire         Summoning/Air                4
   f - Summon Ice Beast               Ice/Summoning                4
 N - a book of Cantrips

   Spells                             Type                      Level
   a - Confusing Touch                Hexes                        1
   b - Animate Skeleton               Necromancy                   1
   c - Summon Small Mammal            Summoning                    1
   d - Apportation                    Translocation                1
Comestibles
 b - 28 rations


   Skills:
 + Level 8.8(8.3) Fighting
 + Level 5.0(4.6) Armour
 + Level 9.0(8.5) Dodging
 + Level 10.9(10.5) Unarmed Combat
 + Level 7.9(7.4) Evocations


You had 10 spell levels left.
You didn't know any spells.

Dungeon Overview and Level Annotations

Branches:
Dungeon (10/15)            Temple (0/1) D:7             Orc (0/2) D:10
   Lair: D:8-11

Altars:
Ashenzari
Cheibriados
Elyvilon
Hepliaklqana
Makhleb
Nemelex Xobeh
Okawaru
Trog
Wu Jian
Xom
Zin
Beogh

Shops:
D:3 *   D:5 !

Annotations:
D:3 Sigmund
D:10 Grum


Innate Abilities, Weirdness & Mutations

You have a beak for a mouth.
You have claws for feet.
You can fly.
You have a pair of small horns on your head.
You are surrounded by a mild repulsion field. (EV +2)
You are partially covered in molten scales. (AC +2)
You have a somewhat thin skeletal structure. (Dex +2, Stealth)
Your skin changes colour to match your surroundings (Stealth+).
You have supernaturally acute eyesight. (SInv)
Your mind is acute. (Int +2)
Your flesh is heat resistant. (rF+)
You are resistant to hostile enchantments. (MR+)
Your system is resistant to poisons. (rPois)


Message History

You are too injured to fight recklessly!
You closely miss the wight. You claw the wight, but do no damage.
You peck the wight, but do no damage. You hit the wight but do no damage.
The wight closely misses you.
You completely miss the wight. You claw the wight, but do no damage.
You hit the wight but do no damage. Your kick misses the wight.
You peck the wight, but do no damage. Your punch misses the wight.
The wight hits you with a great sword of electrocution.
You closely miss the wight. Your kick misses the wight. You peck the wight.
The wight is lightly damaged.
Xom's power touches on a nearby monster.
The wight seems to grow stronger.
The wight hits you with a great sword of electrocution!
* * * LOW HITPOINT WARNING * * *
You feel drained.
* * * LOW HITPOINT WARNING * * *
Xom thinks this is hilarious!
You are electrocuted!
You die...
Xom thinks this is hilarious!

#_._..†# ##.....## #.
#.###.## ##...## #. #.
#.# ##'## ###.
#.###.###)# #.# ##...
#.....)._.###### #.#
#....
####.#........###.###.)>.
#.######.##......)..
##.#)######.#.....##...
#...).@z.##.##...######
##.#.##...#.###.##
###.#.#.#..###.#
#............#
###.###.####.#
#####.#.### #.#
#.........# #.#
#.###.###.# #.# #.#.##.#
#.#######


You could see a wight.

Vanquished Creatures
  A two-headed ogre (D:9)
  The ghost of Name63 the Reanimator, a novice GnNe of Cheibriados (D:8)
  An unseen horror (D:10)
  Pikel (D:5)
  Joseph (D:10)
  Prince Ribbit (D:7)
  A hippogriff (D:9)
  The ghost of NullDivider the Charlatan, an amateur SpAr (D:4)
  The ghost of Jannitor the Insei, an amateur SpMo of Wu Jian (D:5)
  A hungry ghost (D:9)
  A human (D:9)
  Menkaure (D:5)
  A hornet zombie (D:9)
  A black bear (D:8)
  4 orc warriors
  5 ice beasts
  5 ogres
  2 phantoms
  A sky beast (D:7)
  A wolf (D:10)
  6 centaurs
  3 big kobolds
  5 bullfrogs
  A water moccasin zombie (Ossuary)
  4 scorpions
  3 killer bees (D:7)
  7 wights
  3 howler monkeys
  2 centaur zombies
  A bullfrog zombie (D:5)
  3 jellies
  10 orc priests
  6 hounds
  A bullfrog skeleton (D:7)
  A centaur skeleton (D:9)
  2 iguanas
  Natasha (thrice) (D:3 D:4)
  11 orc wizards
  9 worker ants
  3 big kobold zombies (Ossuary)
  3 mummies
  A hound skeleton (D:9)
  7 adders
  7 gnolls
  5 adder zombies (Ossuary)
  3 worms
  2 dart slugs
  2 leopard geckos (D:6)
  42 orcs
  6 bats
  5 giant cockroaches
  3 gnoll zombies (Ossuary)
  5 goblins
  2 hobgoblins (D:1)
  9 jackals
  A quokka (D:4)
  A ball python (D:3)
  4 frilled lizards
  7 hobgoblin zombies
  A jackal skeleton (D:4)
  14 kobolds
  2 kobold zombies (Ossuary)
  A leopard gecko zombie (D:8)
  7 orc zombies (Ossuary)
  A quokka skeleton (D:5)
257 creatures vanquished.

Vanquished Creatures (collateral kills)
  An orc warrior (D:5)
  A scorpion (D:9)
  A howler monkey zombie (D:7)
3 creatures vanquished.

Vanquished Creatures (others)
  An orc (D:8)
  A quokka (D:8)
2 creatures vanquished.

Grand Total: 262 creatures vanquished

Notes
Turn   | Place    | Note
-------+----------+-------------------------------------------
     0 | D:1      | Jannitor the Tengu Chaos Knight began the quest for the Orb.
     0 | D:1      | Reached XP level 1. HP: 14/14 MP: 2/2
    60 | D:1      | XOM: potion effect (invisibility)
   424 | D:1      | Reached XP level 2. HP: 14/19 MP: 3/3
   535 | D:1      | Reached skill level 4 in Unarmed Combat
   574 | D:1      | XOM: scenery: create altars
   755 | D:1      | XOM is BORED!
   755 | D:1      | XOM: medium Summ miscast
   756 | D:1      | Noticed a spatial vortex
   756 | D:1      | Noticed a spatial vortex
   756 | D:1      | Noticed a spatial vortex
   811 | D:1      | Found a snail-covered altar of Cheibriados.
  1359 | D:2      | Found an ornate altar of the Wu Jian Council.
  1383 | D:2      | Reached XP level 3. HP: 23/23 MP: 4/4
  1408 | D:2      | XOM is BORED!
  1408 | D:2      | XOM: give mutation
  1408 | D:2      | Gained mutation: Your skin changes colour to match your surroundings (Stealth+). [Xom's mischief]
  1443 | D:3      | XOM: noise
  1461 | D:3      | Reached skill level 5 in Unarmed Combat
  1461 | D:3      | Reached XP level 4. HP: 20/28 MP: 5/5
  1463 | D:3      | XOM: scenery: create altars
  1465 | D:3      | XOM: god gift: pair of embroidered gloves {god gift}
  1520 | D:3      | XOM: give mutation
  1520 | D:3      | Gained mutation: You are covered in fur. (AC +1) [Xom's grace]
  1602 | D:3      | Found a glowing silver altar of Zin.
  1603 | D:3      | Found Zin's Purification Station.
  1634 | D:3      | XOM: give mutations
  1634 | D:3      | Gained mutation: You are resistant to hostile enchantments. (MR+) [Xom's grace]
  1634 | D:3      | Gained mutation: Your spells are a little harder to cast, but a little more powerful. [Xom's grace]
  1634 | D:3      | Gained mutation: You have supernaturally acute eyesight. (SInv) [Xom's grace]
  1634 | D:3      | Gained mutation: Your system is resistant to poisons. (rPois) [Xom's grace]
  1640 | D:3      | Found an iron altar of Okawaru.
  1676 | D:3      | Found a hazy altar of Hepliaklqana.
  1859 | D:3      | Reached skill level 6 in Unarmed Combat
  1862 | D:3      | Gained mutation: You can fly. [Tengu growth]
  1862 | D:3      | Reached XP level 5. HP: 28/32 MP: 6/6
  1875 | D:3      | XOM: god gift: ration
  1918 | D:3      | Noticed Natasha
  1931 | D:3      | Killed Natasha
  2075 | D:3      | Found a snail-covered altar of Cheibriados.
  2185 | D:3      | XOM: god gift: 3 rations
  2337 | D:3      | Noticed Sigmund
  2340 | D:3      | Lost mutation: You are covered in fur. (AC +1) [potion of mutation]
  2340 | D:3      | Lost mutation: Your spells are a little harder to cast, but a little more powerful. [potion of mutation]
  2340 | D:3      | Gained mutation: You are partially covered in molten scales. (AC +2) [potion of mutation]
  2340 | D:3      | Gained mutation: You have a pair of small horns on your head. [potion of mutation]
  2495 | D:3      | XOM: medium Tloc miscast
  2496 | D:3      | Noticed a spatial vortex
  2496 | D:3      | Noticed a spatial vortex
  2496 | D:3      | Noticed a spatial vortex
  2520 | D:4      | XOM: repel stairs
  2721 | D:4      | Reached XP level 6. HP: 19/37 MP: 4/7
  2805 | D:4      | XOM: noise
  2973 | D:4      | XOM: mild Tloc miscast
  2974 | D:4      | Noticed a spatial vortex
  3094 | D:3      | XOM: god gift: dented sapphire amulet {god gift}
  3124 | D:4      | XOM: blink monster(s)
  3169 | D:4      | XOM: give mutations
  3169 | D:4      | Gained mutation: Your mind is acute. (Int +2) [Xom's grace]
  3169 | D:4      | Gained mutation: You are surrounded by a mild repulsion field. (EV +2) [Xom's grace]
  3169 | D:4      | Gained mutation: You are robust. (+10% HP) [Xom's grace]
  3169 | D:4      | Gained mutation: You have a somewhat thin skeletal structure. (Dex +2, Stealth) [Xom's grace]
  3411 | D:4      | Found a bloodstained altar of Trog.
  3598 | D:3      | Noticed Natasha
  3606 | D:4      | Killed Natasha
  3606 | D:4      | Reached skill level 7 in Unarmed Combat
  3681 | D:4      | Reached skill level 1 in Evocations
  3821 | D:4      | Noticed NullDivider's ghost (amateur SpAr)
  3826 | D:4      | Killed NullDivider's ghost
  3826 | D:4      | Reached XP level 7. HP: 47/47 MP: 4/9
  3864 | D:4      | XOM: harmless Hex miscast
  3981 | D:4      | XOM: god gift: dented blue amulet {god gift}
  4058 | D:4      | Noticed Natasha
  4078 | D:4      | Killed Natasha
  4088 | D:5      | Entered Level 5 of the Dungeon
  4088 | D:5      | Found Ohirroape's Distillery.
  4097 | D:5      | XOM: summons 2 friendly demons
  4114 | D:5      | Reached XP level 8. HP: 48/52 MP: 9/11
  4143 | D:5      | XOM: summons 3 hostile shadow creatures
  4328 | D:5      | Bought a potion of agility for 52 gold pieces
  4328 | D:5      | Bought a potion of haste for 130 gold pieces
  4361 | D:5      | XOM: 1-stop teleportation journey
  4399 | D:5      | XOM: chaos upgrade
  4402 | D:5      | Reached skill level 5 in Fighting
  4501 | D:5      | XOM: mild Ice miscast
  4538 | D:5      | Noticed Menkaure
  4544 | D:5      | Killed Menkaure
  4544 | D:5      | Reached skill level 8 in Unarmed Combat
  4808 | D:5      | Reached skill level 5 in Dodging
  4821 | D:5      | Noticed Jannitor's ghost (amateur SpMo)
  4829 | D:5      | Found a shattered altar of Ashenzari.
  5008 | D:5      | Reached XP level 9. HP: 43/60 MP: 13/13
  5052 | D:5      | Noticed Pikel
  5052 | D:5      | XOM: harmless Necr miscast
  5056 | D:5      | XOM: noise
  5060 | D:5      | Killed Pikel
  5102 | D:5      | XOM: noise
  5103 | D:5      | XOM: enchant monster (bad)
  5110 | D:5      | Killed Jannitor's ghost
  5110 | D:5      | Reached skill level 9 in Unarmed Combat
  5110 | D:5      | Reached skill level 5 in Evocations
  5245 | D:5      | Found an iron altar of Okawaru.
  5318 | D:5      | Found a burning altar of Makhleb.
  5428 | D:6      | XOM: smoke on damage
  5432 | D:6      | XOM: swap monsters
  5536 | D:6      | Found a shattered altar of Ashenzari.
  5654 | D:6      | Found a white marble altar of Elyvilon.
  5690 | D:6      | You fall through a shaft for 2 floors!
  5764 | D:8      | XOM: divine lightning
  5810 | D:8      | Found a sand-covered staircase.
  5866 | Ossuary  | Entered an ossuary
  5908 | Ossuary  | XOM: summons 4 hostile demons
  6179 | D:8      | Found a sparkling altar of Nemelex Xobeh.
  6260 | D:8      | Reached XP level 10. HP: 69/69 MP: 15/15
  6276 | D:7      | XOM: noise
  6340 | D:7      | XOM: summons friendly shadow imp
  6416 | D:7      | XOM: enchant monster (good)
  6835 | D:7      | XOM: enchant monster (bad)
  6845 | D:7      | Noticed Prince Ribbit
  6857 | D:7      | Killed Prince Ribbit
  6857 | D:7      | Reached skill level 10 in Unarmed Combat
  6898 | D:7      | Found a staircase to the Ecumenical Temple.
  6959 | D:7      | XOM: silly message
  6960 | D:7      | Got a translucent ring mail
  6984 | D:7      | Identified the +0 ring mail of True Grit {MR+ rCorr} (You found it on level 7 of the Dungeon)
  7567 | D:8      | Noticed Name63's ghost (novice GnNe)
  7569 | D:8      | XOM: polymorph shadow imp -> iron imp
  7570 | D:8      | XOM: divination: magic mapping
  7585 | D:8      | Killed Name63's ghost
  7679 | D:8      | XOM: cleaving
  8175 | D:9      | XOM: 7-stop teleportation journey
  8313 | D:9      | Noticed a two-headed ogre
  8318 | D:9      | XOM: summons friendly shadow imp
  8319 | D:9      | Killed a two-headed ogre
  8319 | D:9      | Reached XP level 11. HP: 75/75 MP: 17/17
  8373 | D:9      | XOM: medium Conj miscast
  8680 | D:9      | XOM: chaos upgrade
  8734 | D:9      | XOM: harmless Chrm miscast
  8915 | D:9      | XOM: fog
  8936 | D:9      | XOM: summons friendly white imp
  8991 | D:10     | Entered Level 10 of the Dungeon
  9000 | D:10     | Found a staircase to the Orcish Mines.
  9013 | D:10     | Found a roughly hewn altar of Beogh.
  9090 | D:10     | XOM: give mutations
  9090 | D:10     | Gained mutation: Your body sometimes deteriorates upon taking damage. [Xom's mischief]
  9090 | D:10     | Lost mutation: You are robust. (+10% HP) [Xom's mischief]
  9251 | D:10     | XOM: god gift: 18 gold pieces
  9253 | D:10     | Noticed an unseen horror
  9260 | D:10     | Killed an unseen horror
  9309 | D:10     | XOM: give mutations
  9309 | D:10     | Gained mutation: You are clumsy. (Dex -2) [Xom's mischief]
  9309 | D:10     | Lost mutation: Your body sometimes deteriorates upon taking damage. [Xom's mischief]
  9309 | D:10     | Lost mutation: You are clumsy. (Dex -2) [Xom's mischief]
  9309 | D:10     | Gained mutation: Your flesh is heat resistant. (rF+) [Xom's mischief]
  9334 | D:10     | Noticed Grum
  9335 | D:10     | XOM: mild Conj miscast
  9339 | D:10     | XOM: chaos upgrade
  9344 | D:10     | XOM: 1-stop teleportation journey
  9401 | D:10     | Noticed Joseph
  9401 | D:10     | XOM: scenery: create altars
  9410 | D:10     | Killed Joseph
  9410 | D:10     | Reached skill level 5 in Armour
  9450 | D:10     | XOM: enchant monster (bad)
  9450 | D:10     | Mangled by a wight

Skill      XL: |  1  2  3  4  5  6  7  8  9 10 11 |
---------------+----------------------------------+-----
Unarmed Combat | 4 5 6 7 8 9 10 | 10.9
Dodging        | 2 3 4 5 7 8 9 |  9.0
Evocations     | 1 2 4 6 7 |  7.9
Fighting       | 4 5 7 8 |  8.8
Armour         | 4 5 |  5.0

Action                   |  1- 3 |  4- 6 |  7- 9 | 10-12 || total
-------------------------+-------+-------+-------+-------++-------
Melee: Unarmed           |    52 |   142 |   275 |   286 ||   755
       Kick              |    13 |    34 |    79 |    82 ||   208
       Peck              |     6 |    21 |    41 |    49 ||   117
       Punch             |       |     5 |    13 |    11 ||    29
       Headbutt          |       |    13 |    45 |    47 ||   105
Throw: Javelin           |       |     4 |     8 |       ||    12
 Abil: Fly               |       |     7 |     8 |     1 ||    16
       Evoke Berserk Rag |       |     1 |     7 |     3 ||    11
Evoke: Wand              |       |       |     1 |     1 ||     2
  Use: Potion            |     4 |     6 |       |     2 ||    12
       Scroll            |       |     3 |    19 |     3 ||    25
 Stab: Sleeping          |       |       |    10 |     9 ||    19
       Distracted        |       |       |     1 |     2 ||     3
       Paralysed         |       |       |     1 |     3 ||     4
  Eat: Chunk             |     1 |     9 |    13 |     9 ||    32
       Ration            |       |       |     1 |     1 ||     2
Armor: Leather armour    |    14 |    40 |    56 |    27 ||   137
       Ring mail         |       |       |       |    42 ||    42
Dodge: Dodged            |    27 |    88 |   206 |   217 ||   538
